 Dungeon Crawl Stone Soup version 0.30-a0-956-gcec3b41aec (webtiles) character file.

Game seed: 14352751870816542158

20714 EonDragon20 the Transmogrifier (level 12, -8/113 HPs)
             Began as a Merfolk Transmuter on Mar 29, 2023.
             Was a High Priest of Fedhas.
             Killed from afar by a rakshasa (19 damage)
             ... with a lance of force
             ... on level 2 of the Abyss on Mar 30, 2023.
             The game lasted 01:44:13 (17976 turns).

EonDragon20 the Transmogrifier (MfTm)              Turns: 17976, Time: 01:44:14

Health: -8/113     AC: 25    Str: 18    XL:     12   Next: 82%
Magic:  9/19       EV: 12    Int: 15    God:    Fedhas [*****.]
Gold:   877        SH:  0    Dex: 15    Spells: 1/21 levels left

rFire   . . .      SeeInvis .      - Unarmed
rCold   . . .      Faith    .    (no shield)
rNeg    + . .      Spirit   .    D - melded +0 robe {Archmagi}
rPois   ∞          Reflect  .    (no helmet)
rElec   +          Rampage  .    (no cloak)
rCorr   .                        w - melded +0 pair of gloves
Will    .....                    (boots currently unavailable)
Stlth   +                        (no amulet)
HPRegen 0.38/turn                i - ring of poison resistance
MPRegen 0.16/turn                h - +6 ring of strength

@: statue-form, very slow
A: slow and powerful, torment resistance 1, boosted hp, (nimble swimmer 2),
mertail
a: End Transformation, Renounce Religion, Wall of Briars, Grow Ballistomycete,
Overgrow, Grow Oklob


You were on level 2 of the Abyss.
You worshipped Fedhas.
Fedhas was extremely pleased with you.
You were a living statue of rough stone.
You visited 3 branches of the dungeon, and saw 14 of its levels.
You visited the Abyss 1 time.

You collected 1222 gold pieces.
You spent 345 gold pieces at shops.

Inventory:

Missiles
 e - 3 throwing nets
Armour
 a - a +0 robe
 u - +0 steam dragon scales
 w - a +0 pair of gloves (melded)
 y - the +0 robe of the Wicked God {Rampage +Blink rPois rF-}
   (You bought it in a shop on level 11 of the Dungeon)

   rF:        It makes you vulnerable to fire.
   rPois:     It protects you from poison.
   +Blink:    It lets you blink.
   Rampage:   It bestows one free step when moving towards enemies.
 C - a +2 leather armour of poison resistance
 D - a +0 robe of the Archmagi (melded)
Jewellery
 h - a +6 ring of strength (right fist)
 i - a ring of poison resistance (left fist)
 k - a ring of flight
 r - a ring of fire
 E - an amulet of guardian spirit
 J - a ring of magical power
Wands
 f - a wand of flame (23)
 j - a wand of quicksilver (16)
 l - a wand of paralysis (20)
 m - a wand of iceblast (4)
 z - a wand of polymorph (4)
Scrolls
 d - 3 scrolls of immolation
 n - a scroll of fog
 p - 3 scrolls of enchant weapon
 q - a scroll of vulnerability
 s - 2 scrolls of teleportation
 t - a scroll of magic mapping
 v - a scroll of silence
 I - a scroll of poison
Potions
 b - 2 potions of lignification
 c - 3 potions of brilliance
 g - 5 potions of might
 o - a potion of cancellation {unknown}
 x - 3 potions of flight
 A - 3 potions of mutation {unknown}
 B - a potion of resistance {unknown}
 F - 2 potions of attraction {unknown}


   Skills:
 - Level 5.8 Fighting
 - Level 2.6 Dodging
 - Level 9.0 Unarmed Combat
 - Level 5.2 Spellcasting
 + Level 14.7 Transmutations
 - Level 5.6 Ice Magic
 * Level 11.0 Earth Magic
 - Level 1.7 Poison Magic


You had one spell level left.
You knew the following spells:

 Your Spells              Type           Power      Damage    Failure   Level
a - Beastly Appendage     Tmut           96%        N/A       1%          1
b - Wereblood             Tmut           48%        N/A       1%          2
c - Spider Form           Tmut/Pois      28%        N/A       1%          3
d - Ice Form              Ice/Tmut       34%        N/A       2%          4
e - Petrify               Tmut/Erth      42%        N/A       1%          4
f - Statue Form           Tmut/Erth      28%        N/A       12%         6

Your spell library contained the following spells:

 Spells                   Type           Power      Damage    Failure   Level
 Shock                    Conj/Air       12%        1d3       16%         1
 Slow                     Hex            12%        N/A       16%         1
 Ignite Poison            Fire/Tmut/Pois 20%        N/A       4%          3
 Lesser Beckoning         Tloc           6%         N/A       24%         2
 Confusing Touch          Hex            3%         N/A       43%         3
 Gell's Gravitas          Tloc           3%         N/A       43%         3
 Swiftness                Air            3%         N/A       43%         3
 Vampiric Draining        Necr           3%         2d6       43%         3
 Eringya's Noxious Bog    Tmut/Pois      14%        N/A       63%         6
 Metabolic Englaciation   Hex/Ice        6%         N/A       80%         5
 Airstrike                Air            1%         2d(1-17)  85%         4
 Sticky Flame             Conj/Fire      3%         2d3       85%         4
 Summon Forest            Summ/Tloc      1%         N/A       99%         5
 Haunt                    Necr/Summ      1%         N/A       100%        7
 Summon Hydra             Summ           1%         N/A       100%        7
 Ignition                 Fire           1%         3d3       100%        8


Dungeon Overview and Level Annotations

Branches:
Dungeon (12/15)            Temple (0/1) D:4            Lair (1/5) D:11
    Orc (1/2) D:12

Altars:
Ashenzari
Fedhas
Gozag
Nemelex Xobeh
Ru
Vehumet
Xom
Yredelemnul
Zin

Shops:
D:5 ?   D:6 *   D:8 *   D:11 *

Annotations:
D:3 1 runed translucent door, qeuew's ghost, amateur GnGl
D:10 3 runed translucent doors, exclusion: obsidian statue
D:11 2 transporters, Lysca's ghost, journeyman DgCj
Orc:1 Erolcha


Innate Abilities, Weirdness & Mutations

You are a living statue of rough stone.
Your actions are slow, but your melee attacks are powerful.
You are resistant to unholy torment.
Your maximum health is greatly increased.
You are immune to poison.
Your equipment is partially melded.
((You are very nimble when in or above water. (Stealth+, EV+, Speed+++)))
Your lower body shifts to a powerful aquatic tail in water.


Message History

You feel a surge of power!
You turn into a living statue of rough stone.
Your +0 pair of gloves melds into your body.
Your +0 robe of the Archmagi melds into your body.
You feel strangely numb.
A rakshasa comes into view. It is wielding a +0 long sword.
The rakshasa blinks!
Casting: Statue Form (dangerous; 12% risk of failure)
Confirm with . or Enter, or press ? or * to list all spells.
You extend your transformation's duration.
Okay, then.
Aiming: Paralyse
Press: ? - help, Shift-Dir - straight line, f - rakshasa
Aim: a rakshasa, wielding a +0 long sword and wearing a +0 robe (chance to affect: 0%)
Okay, then.
Okay, then.
The rakshasa gestures at you. The lance of force hits you!
* * * LOW HITPOINT WARNING * * *
You are knocked back by the lance of force.
You slam into the stone wall!
* * * LOW HITPOINT WARNING * * *
You punch the rakshasa!
The rakshasa is moderately wounded.
The rakshasa barely misses you.
You hit the rakshasa but do no damage.
You punch the rakshasa, but do no damage.
The rakshasa is moderately wounded.
The rakshasa hits you but does no damage.
You punch the rakshasa!
The rakshasa is heavily wounded.
The rakshasa closely misses you.
The rakshasa hits you with a +0 long sword!
* * * LOW HITPOINT WARNING * * *
You pummel the rakshasa!! Your punch misses the rakshasa.
The rakshasa is almost dead.
The rakshasa gestures at you. The lance of force hits you!!
You die...
Fedhas appreciates your contribution to the ecosystem.

##. .# .. ... # .# # .
. ##.. ##.### ## ## #.
.# ....#..#.### ..#
#.# . .......§#.8#..##
##. # #
#.......#R.......#
.#.#
##.........#..###..##.
# . ...#..##.#..# #..
.# # . #.....#
##.##..#..# .. .
...#... .#.##
#.#...#.. . #...# .
.##. # .# #.... .##
#... .# . . .## .#..
##


You could see a rakshasa.

Vanquished Creatures
  Jorgrun (Orc:1)
  Nessos (D:12)
  Josephine (D:11)
  Erica (Orc:1)
  Harold (D:8)
  3 two-headed ogres
  A large abomination (Abyss:2)
  An orc sorcerer (Orc:1)
  An ugly thing (D:11)
  A manticore (D:12)
  A cyclops (Orc:1)
  3 kobold demonologists
  2 ice devils (D:12)
  Prince Ribbit (D:7)
  3 trolls
  9 slime creatures
  3 wraiths (D:11)
  4 shadows
  6 yaks
  8 vampire mosquitoes (D:10)
  4 steam dragons
  An acid dragon (D:10)
  2 water moccasins
  10 orc warriors
  2 sky beasts
  An ice beast (D:7)
  3 ogres
  6 centaurs
  4 phantoms
  2 kobold brigands (D:8)
  7 bullfrogs
  3 gnoll sergeants
  4 scorpions
  10 wights
  A troll zombie (D:12)
  7 killer bees
  3 howler monkeys
  5 hounds
  3 jellies
  9 orc priests
  6 iguanas
  13 orc wizards
  7 ogre zombies (D:12)
  24 gnolls
  4 adders (D:4)
  A white imp (D:5)
  An ufetubus (D:7)
  2 dart slugs
  32 orcs
  7 ball pythons
  6 bats
  10 endoplasms
  A giant cockroach (D:1)
  4 goblins
  4 hobgoblins
  9 jackals
  10 kobolds
  6 quokkas
  A frilled lizard (D:2)
  A goblin skeleton (D:12)
  2 goblin zombies (D:12)
  A hobgoblin skeleton (D:12)
  A hobgoblin zombie (D:12)
  3 orc skeletons (D:12)
  17 orc zombies (D:12)
  4 rats
316 creatures vanquished.

Vanquished Creatures (collateral kills)
  A howler monkey (D:8)
1 creature vanquished.

Vanquished Creatures (others)
  A sleepcap (D:8)
1 creature vanquished.

Grand Total: 318 creatures vanquished

Notes
Turn   | Place    | Note
-------+----------+-------------------------------------------
     0 | D:1      | EonDragon20 the Merfolk Transmuter began the quest for the
                  | Orb.
     0 | D:1      | Reached XP level 1. HP: 15/15 MP: 3/3
   101 | D:1      | Reached skill level 3 in Transmutations
   101 | D:1      | Reached XP level 2. HP: 19/21 MP: 3/5
   114 | D:1      | Found a faded altar of an unknown god.
   368 | D:1      | Learned a level 2 spell: Wereblood
   671 | D:1      | Reached XP level 3. HP: 26/26 MP: 4/6
   732 | D:1      | Learned a level 3 spell: Spider Form
  1698 | D:3      | Found a runed translucent door.
  1723 | D:3      | Noticed qeuew's ghost (amateur GnGl)
  1739 | D:3      | Reached XP level 4. HP: 33/33 MP: 3/7
  1751 | D:3      | Reached skill level 4 in Transmutations
  2007 | D:3      | Found a shimmering altar of Xom.
  2007 | D:3      | Found a blossoming altar of Fedhas.
  2007 | D:3      | Found a basalt altar of Yredelemnul.
  2020 | D:3      | Found a broken altar of Ashenzari.
  2022 | D:3      | Became a worshipper of Fedhas Madash
  2532 | D:3      | Reached XP level 5. HP: 38/38 MP: 6/8
  2622 | D:4      | Found a sparkling altar of Nemelex Xobeh.
  2818 | D:4      | Reached skill level 5 in Transmutations
  2852 | D:4      | Reached * piety under Fedhas
  2916 | D:4      | Found a staircase to the Ecumenical Temple.
  2962 | D:4      | Noticed an ogre
  2993 | D:4      | Killed an ogre
  2994 | D:4      | Reached skill level 5 in Unarmed Combat
  2994 | D:4      | Reached XP level 6. HP: 46/46 MP: 8/10
  3481 | D:4      | Reached skill level 6 in Transmutations
  3481 | D:4      | Reached XP level 7. HP: 29/52 MP: 11/11
  3569 | D:4      | Learned a level 4 spell: Ice Form
  3981 | D:5      | Entered Level 5 of the Dungeon
  3994 | D:5      | Found Qeninn's Magic Scroll Emporium.
  4856 | D:5      | Bought a scroll of fear for 56 gold pieces
  5283 | D:5      | Reached skill level 7 in Transmutations
  5283 | D:5      | Reached XP level 8. HP: 28/60 MP: 10/13
  5547 | D:5      | Found a sacrificial altar of Ru.
  5842 | D:5      | Found an opulent altar of Gozag.
  5977 | D:5      | Reached ** piety under Fedhas
  6524 | D:6      | Reached skill level 1 in Ice Magic
  6717 | D:6      | Found a glowing silver altar of Zin.
  6755 | D:6      | Found Taghany's General Store.
  6774 | D:6      | Reached skill level 1 in Poison Magic
  6931 | D:6      | Got the Commentary on Discontinuous Invitation
  6954 | D:6      | Learned a level 4 spell: Petrify
  7188 | D:6      | Bought a scroll of summoning for 133 gold pieces
  7351 | D:7      | Reached skill level 8 in Transmutations
  7674 | D:7      | Reached XP level 9. HP: 43/66 MP: 11/15
  7887 | D:7      | Noticed Prince Ribbit
  7904 | D:7      | Killed Prince Ribbit
  7905 | D:7      | Reached skill level 5 in Fighting
  8695 | D:8      | Found a radiant altar of Vehumet.
  8726 | D:8      | Reached skill level 5 in Spellcasting
  8952 | D:8      | Reached skill level 5 in Ice Magic
  9068 | D:8      | Reached skill level 9 in Transmutations
  9069 | D:8      | Reached *** piety under Fedhas
  9128 | D:8      | Reached XP level 10. HP: 75/76 MP: 17/17
  9231 | D:8      | Reached skill level 1 in Earth Magic
  9592 | D:8      | Found Oruneov's Demolitions Depot.
 10467 | D:9      | You are sucked into a shaft and drop 1 floor!
 10467 | D:10     | Entered Level 10 of the Dungeon
 10489 | D:10     | Reached skill level 10 in Transmutations
 10714 | D:9      | Noticed Harold
 10714 | D:9      | Noticed a kobold demonologist
 10717 | D:8      | Paralysed by Harold for 2 turns
 10722 | D:8      | HP: 1/74 [Harold/+4 vampiric trident (20)]
 10723 | D:8      | Paralysed by Harold for 4 turns
 10728 | D:8      | Killed Harold
 11170 | D:9      | Reached skill level 5 in Earth Magic
 11541 | D:9      | Reached skill level 11 in Transmutations
 11730 | D:9      | Reached **** piety under Fedhas
 12082 | D:10     | Reached XP level 11. HP: 59/81 MP: 14/18
 12190 | D:10     | Learned a level 6 spell: Statue Form
 12997 | D:10     | Found a runed translucent gate.
 12997 | D:10     | Found a runed translucent gate.
 12997 | D:10     | Found a runed translucent gate.
 12997 | D:10     | Found an opulent altar of Gozag.
 12998 | D:10     | Noticed an obsidian statue
 13440 | D:11     | Found Ziwous's Assorted Antiques.
 13718 | D:11     | Noticed Josephine
 13737 | D:11     | Killed Josephine
 13738 | D:11     | Reached skill level 12 in Transmutations
 14067 | D:11     | Noticed Lysca's ghost (journeyman DgCj)
 14068 | D:11     | Found a transporter.
 14068 | D:11     | Noticed a two-headed ogre
 14129 | D:11     | Noticed a white ugly thing
 14142 | D:11     | Killed a white ugly thing
 14335 | D:11     | Noticed a two-headed ogre
 14377 | D:11     | Killed a two-headed ogre
 14574 | D:11     | Found a transporter.
 14577 | D:11     | Noticed a two-headed ogre
 14579 | D:11     | Noticed a two-headed ogre
 14758 | D:11     | Found a staircase to the Lair.
 15661 | D:11     | Bought a tattered robe for 102 gold pieces
 15661 | D:11     | Identified the +0 robe of the Wicked God {Rampage +Blink
                  | rPois rF-} (You bought it in a shop on level 11 of the
                  | Dungeon)
 15661 | D:11     | Bought a potion of curing for 54 gold pieces
 15721 | Lair:1   | Entered Level 1 of the Lair of Beasts
 15758 | D:11     | Reached skill level 13 in Transmutations
 15924 | Lair:1   | Noticed a four-headed hydra
 16077 | D:12     | Reached XP level 12. HP: 81/87 MP: 15/19
 16163 | D:12     | Reached ***** piety under Fedhas
 16214 | D:12     | Found a staircase to the Orcish Mines.
 16254 | D:12     | Noticed a two-headed ogre
 16271 | D:12     | Killed a two-headed ogre
 16996 | D:12     | Noticed a two-headed ogre
 17010 | D:12     | Killed a two-headed ogre
 17034 | D:12     | Noticed Nessos
 17058 | D:12     | Killed Nessos
 17059 | D:12     | Reached skill level 14 in Transmutations
 17059 | D:12     | Reached skill level 10 in Earth Magic
 17457 | Orc:1    | Entered Level 1 of the Orcish Mines
 17464 | Orc:1    | Noticed Erica
 17484 | Orc:1    | Killed Erica
 17690 | Orc:1    | Noticed Jorgrun
 17700 | Orc:1    | Killed Jorgrun
 17786 | Orc:1    | Noticed Erolcha
 17799 | Orc:1    | Paralysed by something for 3 turns
 17814 | Abyss:2  | Cast into level 2 of the Abyss (Erolcha)
 17909 | Abyss:2  | Noticed a tentacled starspawn
 17916 | Abyss:2  | Noticed a dread lich
 17918 | Abyss:2  | Noticed a green death
 17931 | Abyss:2  | Noticed a great orb of eyes
 17966 | Abyss:2  | Noticed a rakshasa
 17976 | Abyss:2  | Killed from afar by a rakshasa

Illustrated notes

Levels and vault maps discovered:
D:1:      wander_arrival_estate, layout_basic,
          hellmonk_ecumenical_altar_blasted, minmay_cut_off
D:2:      layout_rooms
D:3:      layout_basic, grunt_temple_overflow_open,
          hellmonk_ghost_happy_afterlife
D:4:      layout_gridville, amcnicky_altar_gilded,
          minmay_temple_entry_glassed_door, moated_statue, grunt_ministairs_14
D:5:      layout_loops_cross, mainiacjoe_overflow_paths,
          nicolae_gozag_seed_capital, serial_shops, nicolae_shop_crystal,
          grunt_ministairs_10, minmay_starry_boxes
D:6:      layout_loops_ring, mainiacjoe_overflow_alcove_1, serial_shops,
          nicolae_shop_window_shopping
D:7:      layout_loops_ring, uniq_prince_ribbit1
D:8:      minmay_polygon_palace, layout_basic, kennysheep_little_box,
          nicolae_blasting_shop
D:9:      layout_cave_pools, minmay_curled_crystal, nicolae_figureground_pulse,
          uniq_harold
D:10:     layout_loops_ring, ebering_ghost_gozag
D:11:     layout_roguey, lair_entry_dummy, gammafunk_ghost_smash, serial_shops,
          nicolae_shop_stone, uniq_josephine
D:12:     layout_rooms, zombieorc2_lemuel, portal_ice_cave_demonic_guard,
          uniq_nessos
Lair:1:   layout_chaotic_city, grunt_megastairs_1
Orc:1:    hellmonk_paralyzer, layout_caves, bh_open_orc_temple, uniq_erolcha,
          uniq_jorgrun, uniq_erica
Abyss:2:  base: D:10, hangedman_abyss_theft

Skill      XL: |  1  2  3  4  5  6  7  8  9 10 11 12 |
---------------+-------------------------------------+-----
Transmutations | 3 4 5 6 7 8 9 11 13 14 | 14.7
Unarmed Combat | 4 5 6 7 9 |  9.0
Fighting       | 2 3 4 5 |  5.8
Spellcasting   | 3 4 5 |  5.2
Ice Magic      | 3 5 |  5.6
Poison Magic   | 1 |  1.7
Earth Magic    | 5 8 11 | 11.0
Dodging        | |  2.6

Action                     |  1- 3 |  4- 6 |  7- 9 | 10-12 || total
---------------------------+-------+-------+-------+-------++-------
  Melee: Unarmed           |   138 |   135 |   202 |   500 ||   975
         Headbutt          |    20 |    18 |     4 |       ||    42
         Punch             |     6 |     4 |     2 |     6 ||    18
   Cast: Beastly Appendage |    25 |    21 |     7 |       ||    53
         Spider Form       |     1 |     2 |    27 |    10 ||    40
         Ice Form          |       |       |    17 |    49 ||    66
         Statue Form       |       |       |       |    13 ||    13
 Invoke: Wall of Briars    |       |       |       |     2 ||     2
Ability: End Transformatio |       |       |       |     1 ||     1
  Evoke: Wand              |       |     1 |       |     8 ||     9
    Use: Scroll            |     5 |     4 |    15 |     9 ||    33
         Potion            |       |     2 |     4 |    10 ||    16
   Stab: Sleeping          |     2 |     1 |     2 |     1 ||     6
         Paralysed         |       |     5 |       |    11 ||    16
         Invisible         |       |       |       |     1 ||     1
 Armour: Robe              |    23 |    14 |     5 |     3 ||    45
         Skin              |       |       |    20 |   161 ||   181
         Leather armour    |       |       |     4 |     2 ||     6
  Dodge: Dodged            |    96 |   109 |   159 |   276 ||   640

Table legend: (Time is in decaauts)
 A = Elapsed time spent in this place.
 B = Non-inter-level travel time spent in this place.
 C = Inter-level travel time spent in this place.
 D = Time resting spent in this place.
 E = Time spent auto-exploring this place.
 F = Levels seen in this place.
 G = Mean time per level.
                   A        B        C        D        E       F      G
               +--------+--------+--------+--------+--------+-----+--------+
         Total |  18077 |  17437 |    640 |   6757 |     74 |  15 | 1205.1 |
       Dungeon |  17553 |  16913 |    640 |   6630 |     74 |  12 | 1462.8 |
          Lair |     39 |     39 |      0 |      0 |      0 |   1 |   39.0 |
  Orcish Mines |    329 |    329 |      0 |     59 |      0 |   1 |  329.0 |
         Abyss |    154 |    154 |      0 |     67 |      0 |   1 |  154.0 |
               +--------+--------+--------+--------+--------+-----+--------+

Top non-repeatable levels by time:
     D:8: 2204 daAuts
     D:4: 2142 daAuts
    D:10: 2016 daAuts
    D:11: 1943 daAuts
    D:12: 1719 daAuts
     D:7: 1385 daAuts
     D:3: 1272 daAuts
     D:5: 1206 daAuts
     D:9: 1093 daAuts
     D:1: 993 daAuts
     D:6: 987 daAuts
     D:2: 587 daAuts
   Orc:1: 329 daAuts
 Abyss:2: 154 daAuts
  Lair:1: 39 daAuts
